 Dungeon Crawl Stone Soup version 0.19-a0-1792-g28b16ba (webtiles) character file.

214 4thArraOfDagon the Slasher (level 5, -1/47 HPs)
             Began as a Minotaur Monk on Oct 4, 2016.
             Was a Follower of Okawaru.
             Slain by Grinder (7 damage)
             ... on level 4 of the Dungeon.
             The game lasted 00:02:27 (393 turns).

4thArraOfDagon the Slasher (Minotaur Monk)           Turns: 393, Time: 00:02:28

Health: -1/47      AC:  2    Str: 19    XL:     5   Next: 59%
Magic:  1/4        EV: 17    Int:  7    God:    Okawaru [*.....]
Gold:   37         SH:  0    Dex: 13    Spells: 0 memorised, 4 levels left

rFire  . . .     SeeInvis .     a - +0 falchion
rCold  . . .     Gourm    .     b - +0 robe
rNeg   . . .     Faith    .     (no shield)
rPois  .         Spirit   .     (helmet restricted)
rElec  .         Dismiss  .     (no cloak)
rCorr  .         Reflect  .     (no gloves)
MR     .....     Harm     .     (no boots)
Stlth  +++.......               f - amulet of regeneration
                                (no ring)
                                d - +3 ring of strength

@: heroism
A: retaliatory headbutt, horns 2
a: Heroism, Renounce Religion


You were on level 4 of the Dungeon.
You worshipped Okawaru.
Okawaru was aware of your devotion.
You were not hungry.

You visited 2 branches of the dungeon, and saw 5 of its levels.

You collected 37 gold pieces.

Inventory:

Hand Weapons
 a - a +0 falchion (weapon)
Armour
 b - a +0 robe (worn)
Jewellery
 d - a +3 ring of strength (left hand)
 f - an amulet of regeneration (around neck)
Scrolls
 g - a scroll of fog
 i - a scroll of identify {unknown}
Potions
 e - a potion of agility
 h - a potion of curing
Comestibles
 c - a bread ration


   Skills:
 + Level 4.9(9.9) Fighting
 * Level 6.0(11.0) Long Blades
 + Level 0.0(5.0) Armour
 + Level 4.4(9.4) Dodging
 - Level 1.5(6.5) Stealth
 + Level 0.0 Invocations


You had 4 spell levels left.
You didn't know any spells.

Dungeon Overview and Level Annotations

Branches:
Dungeon (4/15)             Temple (1/1) D:4

Altars:
Kikubaaqudgha
Okawaru

Annotations:
D:4 Grinder


Innate Abilities, Weirdness & Mutations

You reflexively headbutt those who attack you in melee.
You have a pair of horns on your head.


Message History

* * * LOW HITPOINT WARNING * * *
You can move again.
Unknown command.
Unknown command.
Unknown command.
Unknown command.
You gain the combat prowess of a mighty hero.
Grinder hits you.
* * * LOW HITPOINT WARNING * * *
Unknown command.
Unknown command.
Unknown command.
You hit Grinder but do no damage.
Grinder is severely wounded.
Unknown command.
Unknown command.
You barely miss Grinder. Your headbutt misses Grinder.
Grinder is severely wounded.
Grinder hits you!
You die...

##...........)###
*,**,**,*
#........##.....#
*,,,,,,,*
#........##.....#
****,****
#.###.#.###.....# *,*
*,*#.,#.# #.....# *,*
*,*#.*#.# #.....# *,*
*.##.##.######### ****,*
#...........>######*,,,,*
####.#.........@..#*,****
#.#.......#5##.#*,*
#..........#.#,#*,*
###............,,∩*
#........#.#.#***
#............#
##############


You could see Grinder.

Vanquished Creatures
  Sigmund (D:4)
  A worker ant (D:4)
  2 adders (D:2)
  2 giant cockroaches
  3 goblins
  A hobgoblin (D:1)
  A bat (D:1)
  A jackal skeleton (D:4)
  3 rats
15 creatures vanquished.

Notes
Turn   | Place    | Note
-------+----------+-------------------------------------------
     0 | D:1      | 4thArraOfDagon the Minotaur Monk began the quest for the Orb.
     0 | D:1      | Reached XP level 1. HP: 19/19 MP: 0/0
   114 | D:2      | Reached skill level 4 in Long Blades
   114 | D:2      | Reached XP level 2. HP: 23/27 MP: 1/1
   210 | D:3      | Reached XP level 3. HP: 22/33 MP: 2/2
   233 | D:4      | Noticed Sigmund
   303 | D:4      | Killed Sigmund
   303 | D:4      | Reached skill level 6 in Long Blades
   303 | D:4      | Reached XP level 4. HP: 30/41 MP: 3/3
   303 | D:4      | Reached XP level 5. HP: 35/47 MP: 4/4
   319 | D:4      | Found a staircase to the Ecumenical Temple.
   322 | D:4      | Noticed Grinder
   332 | Temple   | Entered the Ecumenical Temple
   356 | Temple   | Became a worshipper of Warmaster Okawaru
   356 | Temple   | Reached * piety under Okawaru
   356 | Temple   | Reached ** piety under Okawaru
   382 | D:4      | Paralysed by Grinder for 7 turns
   393 | D:4      | Slain by Grinder

Vault maps used:
D:1:      sevenhm_arrival_forest_fort_small_4
D:2:      nicolae_ru_sacrificial_ziggurat
D:3:      ecumenical_altar_2, uniq_iyjb
D:4:      kennysheep_goblin_castle, nicolae_ossuary_entry_monument,
          serial_shops, shop, first_bread, uniq_grinder, uniq_sigmund
Temple:   regret_index_temple_generic_petals

Skill      XL: |  1  2  3 |
---------------+----------+-----
Long Blades    | 4 6 |  6.0
Fighting       | 4 |  4.9
Dodging        | 4 |  4.4
Stealth        | |  1.5

Action                   |  1- 3 |  4- 6 || total
-------------------------+-------+-------++-------
Melee: Falchion          |    37 |     6 ||    43
       Headbutt          |     9 |     1 ||    10
Invok: Heroism           |       |     2 ||     2
  Use: Potion            |     4 |       ||     4
       Scroll            |     2 |       ||     2
 Stab: Sleeping          |     1 |       ||     1
Armor: Robe              |    10 |       ||    10
Dodge: Dodged            |    31 |       ||    31
       Rpst.: Falchion   |    11 |       ||    11
